 Dungeon Crawl Stone Soup version 0.25.1-2-g60ff931df9 (webtiles) character file.

Game seed: 831709149470267874

2877 Eitelfritz the Spear-Bearer (level 9, -3/69 HPs)
             Began as a Merfolk Gladiator on Aug 30, 2020.
             Slain by Grum
             ... wielding a -1 spear
              (13 damage)
             ... on level 7 of the Dungeon.
             The game lasted 00:33:11 (8382 turns).

Eitelfritz the Spear-Bearer (Merfolk Gladiator)     Turns: 8382, Time: 00:33:12

Health: -3/69      AC: 11    Str: 15    XL:     9   Next: 76%
Magic:  12/12      EV: 14    Int: 10    God:
Gold:   445        SH:  0    Dex: 15    Spells: 11/12 levels left

rFire    . . .     SeeInvis .   a - +0 glaive
rCold    . . .     Gourm    .   (shield currently unavailable)
rNeg     . . .     Faith    .   l - +0 ring mail
rPois    .         Spirit   .   c - +1 helmet
rElec    .         Reflect  .   (no cloak)
rCorr    .         Harm     .   h - +2 pair of gloves
MR       .....                  (no boots)
Stlth    ++........             (no amulet)
HPRegen  0.21/turn              (no ring)
MPRegen  0.13/turn              (no ring)

@: no status effects
A: change form in water, swift swim, stealthy swim
a: no special abilities


You were on level 7 of the Dungeon.
You were not hungry.

You visited 2 branches of the dungeon, and saw 8 of its levels.

You collected 445 gold pieces.

Inventory:

Hand Weapons
 a - a +0 glaive (weapon)
 p - a +0 rapier
 w - a +1 dagger of freezing
 y - a +1 trident
Missiles
 d - 6 throwing nets
 j - 238 stones (quivered)
 n - 3 curare-tipped darts
 s - 7 atropa-tipped darts
Armour
 c - a +1 helmet (worn)
 h - a +2 pair of gloves (worn)
 l - a +0 ring mail (worn)
Scrolls
 b - a scroll of enchant weapon
 g - a scroll of magic mapping
 i - 2 scrolls of amnesia
 o - a scroll of enchant armour
 q - 3 scrolls of teleportation
 r - 5 scrolls of remove curse
 z - a scroll of torment {unknown}
 A - 2 scrolls of identify
Potions
 e - 2 potions of haste
 k - 3 potions of might
 m - a potion of brilliance
 t - 2 potions of flight
 u - a potion of mutation
 x - 2 potions of curing
Comestibles
 f - 13 rations
 v - 2 chunks of flesh


   Skills:
 + Level 5.8 Fighting
 + Level 12.4 Polearms
 + Level 3.0 Throwing
 + Level 4.0 Armour
 + Level 6.3 Dodging
 + Level 3.4 Stealth
 + Level 2.4 Spellcasting
 + Level 2.2 Summonings


You had 11 spell levels left.
You knew the following spells:

 Your Spells              Type           Power        Failure   Level  Hunger
a - Summon Small Mammal   Summ           #...         22%         1    ##.....

Your spell library contained the following spells:

 Spells                   Type           Power        Failure   Level  Hunger
 Call Imp                 Summ           #.......     32%         2    ###....
 Beastly Appendage        Tmut           #.....       50%         1    ##.....
 Call Canine Familiar     Summ           #.......     54%         3    ####...
 Sticks to Snakes         Tmut           #.......     63%         2    ###....
 Summon Guardian Golem    Hex/Summ       #.......     71%         3    ####...
 Spider Form              Tmut/Pois      #.........   86%         3    ####...
 Summon Ice Beast         Ice/Summ       #.......     98%         4    #####..
 Summon Lightning Spire   Summ/Air       #.......     98%         4    #####..
 Ice Form                 Ice/Tmut       #.......     99%         4    #####..
 Blade Hands              Tmut           #.........   100%        5    ######.


Dungeon Overview and Level Annotations

Branches:
Dungeon (7/15)             Temple (1/1) D:5

Altars:
Ashenzari
Dithmenos
Elyvilon
Fedhas
Kikubaaqudgha
Okawaru
Qazlal
Ru
Sif Muna
Trog
Vehumet
Wu Jian
Xom
Yredelemnul
Zin

Shops:
D:5 (*

Annotations:
D:5 1 runed translucent door, Elkerch's ghost, novice CeAM
D:7 Grum


Message History

You hit Grum.
Grum is severely wounded.
Grum hits you with a -1 spear!
You barely miss Grum.
Grum is severely wounded.
Grum hits you but does no damage.
You hit Grum.
Grum is severely wounded.
Grum misses you.
You hit Grum.
Grum is almost dead.
Grum closely misses you.
You hit Grum but do no damage.
Grum is almost dead.
Grum hits you with a -1 spear!
* * * LOW HITPOINT WARNING * * *
Grum hits you with a -1 spear.
* * * LOW HITPOINT WARNING * * *
Grum hits you from afar with a -1 spear!
You die...

.######....#####..#
##..##.....
...##...#### ##..#
####..##.....
....(.###
#...###......######
...#### #..≈....###<.#
...# #.≈≈≈≈..# #..#
#.## #.≈≈_...# #..##
#.# #..≈≈≈.## ##..#
..# #.≈.≈..# #..# ..#
#.@##### #..## ..#
#.## ##..# ### ##g##
#..# # #...###
######..#
#.>.#...##....##..##
#...####.........##..#
...##
##..........#>.### ..
##...........#..##. .
#............##..#.


You could see Grum.

Vanquished Creatures
  Pikel (D:5)
  A deep elf mage (D:6)
  A hippogriff (D:7)
  A black bear (D:7)
  4 ice beasts
  3 slaves (D:5)
  2 ogres
  A bullfrog (D:7)
  A gnoll sergeant (D:7)
  2 scorpions
  A howler monkey (D:4)
  2 crimson imps (D:7)
  A quasit (D:7)
  7 hounds
  4 orc wizards
  A centaur skeleton (D:4)
  2 orc priests (D:5)
  A bullfrog skeleton (D:5)
  2 worker ants
  A worker ant zombie (D:7)
  13 adders
  11 gnolls
  2 shadow imps
  2 oozes
  An adder zombie (D:7)
  3 worms
  4 dart slugs
  4 leopard geckos
  17 orcs
  5 giant cockroaches
  10 goblins
  9 hobgoblins
  14 jackals
  6 kobolds
  6 quokkas
  A ball python (D:3)
  8 bats
  3 frilled lizards
  A leopard gecko zombie (D:7)
  2 quokka skeletons
  8 rats
169 creatures vanquished.

Vanquished Creatures (collateral kills)
  A worker ant (D:6)
  A jackal (D:7)
2 creatures vanquished.

Grand Total: 171 creatures vanquished

Notes
Turn   | Place    | Note
-------+----------+-------------------------------------------
     0 | D:1      | Eitelfritz the Merfolk Gladiator began the quest for the
                  | Orb.
     0 | D:1      | Reached XP level 1. HP: 16/16 MP: 1/1
   130 | D:1      | Reached skill level 5 in Polearms
   131 | D:1      | Reached XP level 2. HP: 23/23 MP: 2/2
   499 | D:1      | Reached XP level 3. HP: 28/28 MP: 3/3
   924 | D:2      | Found a radiant altar of Vehumet.
  1115 | D:2      | Found a basalt altar of Yredelemnul.
  1134 | D:2      | Reached XP level 4. HP: 34/34 MP: 4/4
  1235 | D:2      | Reached skill level 6 in Polearms
  1645 | D:3      | Reached skill level 1 in Stealth
  1835 | D:3      | Reached XP level 5. HP: 28/40 MP: 5/5
  2436 | D:3      | Reached skill level 1 in Armour
  2874 | D:4      | Reached skill level 7 in Polearms
  3055 | D:4      | Reached XP level 6. HP: 46/47 MP: 6/6
  3542 | D:4      | Reached skill level 8 in Polearms
  3618 | D:4      | Reached XP level 7. HP: 52/52 MP: 7/7
  3652 | D:4      | Reached skill level 5 in Dodging
  4121 | D:5      | Entered Level 5 of the Dungeon
  4136 | D:5      | Noticed Elkerch's ghost (novice CeAM)
  4139 | D:5      | Found a runed translucent door.
  4186 | D:5      | Found a shimmering blue altar of Sif Muna.
  4203 | D:5      | Noticed Pikel
  4579 | D:5      | Found a staircase to the Ecumenical Temple.
  4609 | D:5      | Reached skill level 9 in Polearms
  5046 | D:5      | Found Onut's Antique Weapon Boutique.
  5256 | D:5      | Learned a level 1 spell: Summon Small Mammal
  5377 | D:5      | Killed Pikel
  5377 | D:5      | Reached skill level 10 in Polearms
  5377 | D:5      | Reached XP level 8. HP: 38/61 MP: 8/8
  5520 | D:5      | Found a bloodstained altar of Trog.
  5563 | D:5      | Found Zin's Purification Station.
  5564 | D:5      | Found a glowing silver altar of Zin.
  5678 | Temple   | Entered the Ecumenical Temple
  5958 | D:6      | Reached skill level 1 in Spellcasting
  6112 | D:6      | Reached skill level 5 in Fighting
  6255 | D:6      | Noticed a deep elf mage
  6270 | D:6      | Killed a deep elf mage
  6270 | D:6      | Reached skill level 1 in Summonings
  6270 | D:6      | Reached XP level 9. HP: 40/68 MP: 8/11
  6459 | D:6      | Reached skill level 11 in Polearms
  7389 | D:7      | Found a blossoming altar of Fedhas.
  7555 | D:7      | Reached skill level 12 in Polearms
  8353 | D:7      | Noticed Grum
  8382 | D:7      | Slain by Grum

Illustrated notes

Levels and vault maps discovered:
D:1:      dpeg_arrival_three_same_balls, layout_basic,
          minmay_misc_feat_nine_boxes
D:2:      layout_rooms, vehumet_crystals, yredelemnul_altar_generic
D:3:      layout_basic, minmay_randomly_rotated_circles
D:4:      layout_basic, first_ration, chequers_serial_rivers_room_b
D:5:      layout_loops_cross, lemuel_coloured_pillars_altar, zin_purify,
          minmay_temple_entry_offerings, serial_shops, nicolae_shop_statue_plus,
          hellmonk_ghost_happy_afterlife, lemuel_altar_in_water, uniq_pikel
D:6:      layout_layer_cave, guppyfry_early_elven_hall
D:7:      layout_cave_pods, marbit_many_paths, fedhas_altar_2,
          serial_gnoll_camp, gnoll_camp_mini_hut, grums_kennel,
          gnoll_camp_medium_02, gnoll_camp_mini_hut
Temple:   eino_temple_lava

Skill      XL: |  1  2  3  4  5  6  7  8  9 |
---------------+----------------------------+-----
Polearms       | 5 6 7 8 10 12 | 12.4
Stealth        | 1 2 3 |  3.4
Armour         | 1 2 3 4 |  4.0
Fighting       | 3 4 5 |  5.8
Dodging        | 5 6 |  6.3
Spellcasting   | 1 2 |  2.4
Throwing       | 3 |  3.0
Summonings     | 1 2 |  2.2

Action                   |  1- 3 |  4- 6 |  7- 9 || total
-------------------------+-------+-------+-------++-------
Melee: Trident           |    95 |   215 |   281 ||   591
       Tailslap          |       |       |     5 ||     5
       Glaive            |       |       |   127 ||   127
Throw: Stone             |       |    12 |    16 ||    28
       Dart              |       |     5 |     5 ||    10
 Cast: Summon Small Mamm |       |       |    28 ||    28
  Use: Scroll            |       |     9 |     6 ||    15
       Potion            |       |       |     1 ||     1
 Stab: Sleeping          |     3 |     5 |     1 ||     9
       Distracted        |       |     1 |     4 ||     5
       Invisible         |       |       |     1 ||     1
  Eat: Chunk             |     1 |     8 |     9 ||    18
       Ration            |       |       |     2 ||     2
Armor: Leather armour    |    15 |    45 |       ||    60
       Ring mail         |       |     3 |   131 ||   134
Dodge: Dodged            |    46 |   118 |   273 ||   437
